 Dungeon Sprint DCSS version 0.22-a0-379-ga9d99d6 (webtiles) character file.

54 sexinstructor the Fighter (level 6, -8/59 HPs)
             Began as a Formicid Fighter on Apr 28, 2018.
             Was a Priest of Qazlal.
             Killed by drain life
             ... invoked by a soul eater
             ... summoned by an orc high priest
              (10 damage)
             ... in the Dungeon (Sprint VI: "Thunderdome").
             The game lasted 00:08:13 (340 turns).

sexinstructor the Fighter (Formicid Fighter)         Turns: 340, Time: 00:08:15

Health: -8/59      AC:  6    Str: 22    XL:     6   Next: 19%
Magic:  6/6        EV:  8    Int:  8    God:    Qazlal [***...]
Gold:   85         SH: 13    Dex: 15    Spells: 5/5 levels left

rFire    . . .     SeeInvis +   a - +0 war axe
rCold    . . .     Gourm    .   c - +0 shield
rNeg     . . .     Faith    .   b - +0 scale mail
rPois    .         Spirit   .   (helmet unavailable)
rElec    .         Reflect  .   (no cloak)
rCorr    .         Harm     .   (no gloves)
MR       .....                  (no boots)
Stlth    ..........             (no amulet)
HPRegen  0.19/turn              r - ring of Doubts {Dex+5 Slay+3}
MPRegen  0.10/turn              (no ring)

@: heavily drained
A: permanent stasis, dig shafts and tunnels, four strong arms, antennae 3
a: Dig, Upheaval, Elemental Force, Renounce Religion


You were in the Dungeon.
You worshipped Qazlal.
Qazlal was most pleased with you.
You were not hungry.

You visited 1 branch You collected 280 gold pieces.
You spent 195 gold pieces at shops.

Inventory:

Hand Weapons
 a - a +0 war axe (weapon)
Armour
 b - a +0 scale mail (worn)
 c - a +0 shield (worn)
 s - a +0 chain mail
Jewellery
 q - the amulet "Xejigrir" {Spirit rPois rF+ Dex-3, unknown}
   (You bought it in a shop in the Dungeon)

   [amulet of guardian spirit]

   It causes incoming damage to be split between your health and magic.
   It affects your dexterity (-3).
   It protects you from fire.
   It protects you from poison.
 r - the ring of Doubts (left hand) {Dex+5 Slay+3}
   (You bought it in a shop in the Dungeon)

   [ring of slaying]

   It affects your dexterity (+5).
   It affects your accuracy and damage with ranged weapons and melee attacks
   (+3).
Wands
 m - a wand of acid (5)
 n - a wand of iceblast (5)
Scrolls
 k - 4 scrolls of blinking
 o - 3 scrolls of fog
Potions
 d - a potion of brilliance {unknown}
 e - a potion of curing
 g - a potion of heal wounds
 h - 4 potions of haste
 i - 2 potions of magic
 j - a potion of berserk rage
 l - a potion of resistance
Comestibles
 f - a ration
 p - 10 chunks of flesh


   Skills:
 + Level 9.5(7.7) Fighting
 + Level 7.2(5.5) Axes
 - Level 4.7(3.2) Armour
 + Level 0.7(0.0) Dodging
 + Level 1.6(0.2) Stealth
 - Level 5.1(3.5) Shields


You had 5 spell levels left.
You didn't know any spells.

Dungeon Overview and Level Annotations

Branches:
Dungeon (1/1)

Altars:
Cheibriados
Dithmenos
Fedhas
Gozag
Kikubaaqudgha
Makhleb
Okawaru
Qazlal
Ru
Sif Muna
Trog
Uskayaw
Vehumet
Wu Jian
Xom
Yredelemnul
Zin
The Shining One
Beogh
Jiyva
Lugonu

Shops:
D *[%??*?*:[((!!!!


Innate Abilities, Weirdness & Mutations

You cannot be hasted, slowed, berserked, paralysed or teleported.
You can dig through walls and to a lower floor.
Your four strong arms can wield two-handed weapons with a shield.
You have a pair of large antennae on your head. (SInv)


Message History

Pain shoots through your body! The soul eater hits you!
* * * LOW HITPOINT WARNING * * *
You feel drained.
You feel much better.
The orc high priest utters an invocation to Beogh.
The soul eater hits you.
You feel drained.
Okay, then.
You slash the orc high priest!
The orc high priest is moderately wounded.
You closely miss the soul eater.
The orc high priest hits you but does no damage.
The soul eater is engulfed in freezing vapours.
The soul eater hits you!
* * * LOW HITPOINT WARNING * * *
You feel drained.
* * * LOW HITPOINT WARNING * * *
The ynoxinul gestures.
The soul eater is engulfed in freezing vapours.
The soul eater draws from the surrounding life force!
You die...

........###...###..........⌠#
...........###.............##
∩........8.# #[8........∩###
#∩.__......###......___∩##
######.8....5.35.8.######
#⌠.....[5....⌠#
###.......3.### #_.......o#
#_.......@# #........_#
#∩.......∩# ##∩.....∩##
##.....## ##⌠⌠⌠## #####


You could see a soul eater, an orc high priest, a ynoxinul and 3 ufetubi.

Vanquished Creatures
  Sigmund (D)
  Jessica (D)
  Terence (D)
  A worm (D)
  5 giant cockroaches (D)
  A hobgoblin (D)
  A frilled lizard (D)
11 creatures vanquished.

Notes
Turn   | Place    | Note
-------+----------+-------------------------------------------
     0 | D        | sexinstructor the Formicid Fighter began the quest for the Orb.
     0 | D        | Reached XP level 1. HP: 18/18 MP: 1/1
     4 | D        | Found a blossoming altar of Fedhas.
     5 | D        | Found a bloodstained altar of Trog.
     5 | D        | Found an iron altar of Okawaru.
     5 | D        | Round 1.
     6 | D        | Found a basalt altar of Yredelemnul.
     6 | D        | Found a hide-covered altar of Uskayaw.
     7 | D        | Found Pubbai's Distillery.
     7 | D        | Found a stormy altar of Qazlal.
     7 | D        | Found a glowing silver altar of Zin.
     7 | D        | Found Upogaris's Do-It-Yourself Clinic.
     8 | D        | Found Tacis's Distillery.
     8 | D        | Found Lilij's Bottled Wisdom.
    19 | D        | Found a burning altar of Makhleb.
    23 | D        | Became a worshipper of Qazlal Stormbringer
    27 | D        | Bought 3 potions of heal wounds for 105 gold pieces
    40 | D        | Found a shadowy altar of Dithmenos.
    40 | D        | Found Oxeeneum's Staff Store.
    40 | D        | Found Kozxaem's Must-Have Magic.
    41 | D        | Found Hibo's Magic Scroll Shop.
    46 | D        | Found Mempoa's Magic Scroll Shop.
    46 | D        | Found a deep blue altar of Sif Muna.
    46 | D        | Found a viscous altar of Jiyva.
    46 | D        | Found a shimmering altar of Xom.
    58 | D        | Found an opulent altar of Gozag.
    60 | D        | Found an ancient bone altar of Kikubaaqudgha.
    60 | D        | Found a radiant altar of Vehumet.
    60 | D        | Found Fydelir's Delicious Food.
    60 | D        | Found Ryhoab's Jewellery.
    61 | D        | Found Cystotui's Advanced Armour.
    66 | D        | Found Nisieg's Identification Station.
    66 | D        | Found an ornate altar of the Wu Jian Council.
    66 | D        | Found a roughly hewn altar of Beogh.
    67 | D        | Bought a steaming amethyst amulet for 45 gold pieces
    67 | D        | Bought a fine golden ring for 45 gold pieces
    77 | D        | Found a sacrificial altar of Ru.
    79 | D        | Found a snail-covered altar of Cheibriados.
    79 | D        | Found Caneluoss's Premium Goods.
    79 | D        | Found Hura's Miscellaneous Merchandise.
    80 | D        | Found Aceqiaje's Basic Armour.
    85 | D        | Found Yqofefie's Weapon Rack.
    85 | D        | Found a corrupted altar of Lugonu.
    85 | D        | Found a glowing golden altar of the Shining One.
    92 | D        | Noticed Terence
   101 | D        | Killed Terence
   101 | D        | Reached skill level 4 in Fighting
   101 | D        | Reached skill level 5 in Shields
   101 | D        | Reached XP level 2. HP: 23/26 MP: 2/2
   101 | D        | Reached XP level 3. HP: 28/32 MP: 3/3
   133 | D        | Noticed Jessica
   137 | D        | Killed Jessica
   137 | D        | Reached skill level 6 in Fighting
   137 | D        | Reached XP level 4. HP: 40/40 MP: 4/4
   142 | D        | Noticed Sigmund
   152 | D        | Reached * piety under Qazlal
   168 | D        | Killed Sigmund
   168 | D        | Arena points: 12 (+12) [x2]
   168 | D        | Reached skill level 9 in Fighting
   168 | D        | Reached skill level 1 in Stealth
   168 | D        | Reached XP level 5. HP: 41/52 MP: 5/5
   168 | D        | Reached XP level 6. HP: 47/59 MP: 6/6
   193 | D        | Round 2.
   214 | D        | Reached ** piety under Qazlal
   253 | D        | Reached *** piety under Qazlal
   253 | D        | Arena points: 54 (+42) [x3]
   322 | D        | Identified the ring of Doubts {Dex+5 Slay+3} (You bought it in a shop in the Dungeon)
   323 | D        | Round 3.
   325 | D        | Noticed an orc high priest
   327 | D        | Noticed a soul eater
   339 | D        | Noticed a ynoxinul
   339 | D        | HP: 1/59 [soul eater[an orc high priest] (3)]
   340 | D        | Killed from afar by a soul eater

Vault maps used:
D:        arena_sprint

Skill      XL: |  1  2  3  4 |
---------------+-------------+-----
Fighting       | 4 6 9 |  9.5
Armour         | 4 |  4.7
Shields        | 5 |  5.1
Axes           | 3 7 |  7.2
Stealth        | 1 |  1.6
Dodging        | |  0.7

Action                   |  1- 3 |  4- 6 || total
-------------------------+-------+-------++-------
Melee: War axe           |     9 |    32 ||    41
  Use: Potion            |     1 |     6 ||     7
Armor: Scale mail        |     3 |     5 ||     8
Dodge: Dodged            |       |    10 ||    10
Block: Shield            |     4 |    21 ||    25

Table legend:
 A = Spawn XP
 B = Non-spawn XP
 C = Spawn XP percentage of total XP
 D = Spawn monster count
 E = Non-spawn monster count
 F = Spawn count percentage of total count
 G = Total turns spent on level
                    A         B        C        D         E        F      G
               +---------+---------+-------+---------+---------+-------+---------
         Total |       0 |     318 |   0.0 |       0 |      11 |   0.0 |   340
               +---------+---------+-------+---------+---------+-------+---------
             D |       0 |     318 |   0.0 |       0 |      11 |   0.0 |   340
               +---------+---------+-------+---------+---------+-------+---------
